Map: Terraform LE (Void)

Players

Focz

  • Race: Terran Terran
  • League: Silver

Javert - Winner!

  • Race: Zerg Zerg
  • League: Silver

VOD

Have the link to the VOD?

Description

Time

  • Played on: July 20, 2015, 4:22 p.m.
  • Length: 11:03
Show
View Real Time Build Order
Export as new Build Order

Focz Terran 

Build Orders: MMM Bio 

Get SALT Encoding   

  12  0:01  SCV  
  13  0:13  SCV  
  14  0:18  Supply Depot  
  14  0:25  SCV  
  15  0:39  SCV  
  16  0:42  Barracks  
  16  0:51  SCV  
  17  1:03  SCV  
  18  1:16  SCV  
  19  1:24  Command Center  
  19  1:30  Orbital Command  
  19  1:32  Marine  
  20  1:41  Supply Depot  
  20  1:52  Marine  
  20  1:56  SCV  
  21  2:01  Refinery x2  
  21  2:09  SCV  
  21  2:10  Bunker  
  21  2:14  Marine  
  23  2:21  SCV  
  24  2:34  SCV  
  24  2:36  Marine  
  26  2:38  Orbital Command  
  26  2:43  Supply Depot  
  26  2:50  SCV  
  27  2:54  Marine  
  28  2:59  Factory  
  28  3:02  SCV  
  28  3:05  SCV  
  30  3:12  Supply Depot  
  30  3:14  SCV  
  30  3:17  SCV  
  32  3:21  Barracks Reactor  
  32  3:26  SCV  
  32  3:29  SCV  
  33  3:36  Supply Depot  
  33  3:38  SCV  
  34  3:41  SCV  
  35  3:50  SCV  
  35  3:53  SCV  
  35  3:55  Starport  
  37  4:02  SCV  
  38  4:05  Barracks Reactor, Hellion, SCV  
  38  4:06  Hellion  
  43  4:14  SCV  
  41  4:27  Hellion x2  
  43  4:38  SCV x2  
  45  4:48  Hellion  
  45  4:50  SCV  
  46  4:58  Bunker  
  46  5:00  Supply Depot  
  46  5:02  Supply Depot, Hellion  
  46  5:04  SCV  
  49  5:10  Hellion  
  49  5:12  Armory  
  51  5:14  SCV  
  51  5:16  SCV, Barracks Tech Lab  
  51  5:17  Command Center  
  51  5:19  Refinery  
  51  5:20  Liberator x2  
  51  5:21  Refinery  
  53  5:23  Supply Depot  
  53  5:26  SCV, Hellion  
  56  5:28  SCV  
  56  5:31  Hellion  
  59  5:36  Stimpack  
  59  5:38  SCV  
  59  5:41  SCV  
  67  5:46  Supply Depot  
  65  5:50  SCV  
  65  5:51  Hellion  
  65  5:52  Hellion  
  65  5:53  SCV  
  71  6:03  SCV  
  68  6:05  SCV  
  65  6:12  Marine  
  65  6:13  Hellion  
  65  6:14  Hellion  
  65  6:15  SCV  
  65  6:17  SCV  
  70  6:26  Supply Depot  
  70  6:27  Supply Depot, SCV  
  70  6:29  SCV  
  70  6:30  Marine  
  73  6:37  Liberator  
  73  6:39  SCV  
  74  6:41  SCV  
  71  6:51  SCV  
  71  6:52  Orbital Command  
  66  6:55  Hellion x2  
  66  6:56  SCV  
  66  6:59  Liberator  
  74  7:03  SCV  
  74  7:06  Supply Depot x2  
  75  7:09  Engineering Bay x2  
  75  7:12  Barracks  
  75  7:15  Barracks  
  75  7:16  Hellion x2  
  75  7:17  SCV x2  
  84  7:29  SCV x2  
  86  7:41  SCV x2, Hellion x2  
  86  7:43  Liberator x2  
  92  7:52  Missile Turret  
  92  7:53  SCV  
  92  7:54  Terran Infantry Weapons Level 1, Terran Infantry Armor Level 1  
  92  7:56  Missile Turret, Marine  
  92  7:57  Missile Turret  
  94  7:59  Missile Turret x2  
  94  8:02  Hellion x2  
  94  8:03  Barracks Reactor  
  94  8:05  Barracks  
  101  8:14  Marine  
  96  8:21  Missile Turret  
  96  8:23  SCV x2  
  92  8:32  Liberator x2, Marine  
  89  8:35  SCV, Hellion x2  
  89  8:40  Missile Turret  
  89  8:41  Marine x2  
  87  8:44  SCV  
  87  8:48  SCV  
  91  8:50  Barracks Reactor, Marine  
  99  8:59  Marine x2  
  100  9:04  Barracks x2  
  100  9:06  Barracks  
  100  9:07  Barracks Reactor  
  100  9:09  Missile Turret, Marine  
  99  9:13  SCV  
  99  9:17  Marine  
  101  9:22  SCV  
  101  9:23  Marine, Liberator  
  104  9:25  SCV  
  104  9:26  Hellion x2, Liberator  
  104  9:27  Marine x3  
  112  9:34  Marine  
  112  9:35  SCV, Combat Shields  
  114  9:41  Marine  
  114  9:45  Marine  
  122  9:49  SCV  
  122  9:51  Marine x2  
  124  9:53  Barracks Reactor  
  117  10:09  SCV  
  117  10:10  SCV, Marine x3  
  122  10:14  Barracks Reactor  
  122  10:16  Barracks Reactor  
  113  10:21  Missile Turret  
  113  10:22  SCV  
  113  10:23  SCV  
  113  10:27  Orbital Command  
  115  10:31  Marine x3  
  115  10:32  Marine x5  
  123  10:45  Missile Turret  
  123  10:46  Missile Turret  
  123  10:47  Bunker  
Show
View Real Time Build Order
Export as new Build Order

Javert Zerg - Winner!

Build Orders: Hatch First, Lurkers 

Get SALT Encoding   

  12  0:01  Drone  
  13  0:14  Overlord  
  13  0:19  Drone  
  14  0:33  Drone x2  
  16  0:37  Drone  
  17  0:54  Hatchery  
  16  0:57  Drone  
  16  0:59  Extractor  
  16  1:00  Drone  
  17  1:09  Drone  
  18  1:22  Spawning Pool  
  18  1:23  Drone  
  18  1:31  Drone  
  19  1:41  Drone  
  20  1:53  Drone  
  21  2:09  Metabolic Boost  
  21  2:10  Queen x2  
  21  2:13  Overlord  
  21  2:15  Zergling x4  
  27  2:25  Drone  
  28  2:33  Drone x2  
  30  2:42  Drone x2  
  32  2:55  Zergling x4  
  34  3:07  Zergling x4  
  34  3:10  Overlord  
  36  3:30  Zergling x2  
  36  3:31  Zergling x14  
  42  3:45  Zergling x6  
  42  4:05  Overlord x2  
  42  4:11  Hatchery  
  40  4:19  Drone x5  
  40  4:34  Drone  
  40  4:35  Drone x5  
  46  4:41  Extractor  
  44  4:50  Drone  
  44  4:51  Drone x4  
  44  4:57  Extractor  
  44  4:58  Lair, Roach Warren, Evolution Chamber, Extractor  
  40  5:02  Drone x2, Queen  
  44  5:07  Drone  
  44  5:09  Zergling x6  
  44  5:10  Zergling x6  
  51  5:16  Drone x2  
  51  5:17  Drone  
  54  5:29  Drone x3  
  57  5:54  Drone x10, Spine Crawler  
  63  6:06  Spire  
  62  6:14  Spine Crawler  
  62  6:16  Spine Crawler  
  58  6:19  Overlord x2  
  58  6:22  Zergling x6  
  58  6:23  Baneling Nest, Zergling x6  
  62  6:25  Overlord  
  56  6:57  Overlord x2  
  56  6:58  Zerg Ground Armor Level 1  
  56  7:03  Drone x2  
  56  7:04  Drone x10  
  68  7:10  Overlord  
  68  7:23  Zerg Flyer Weapons Level 1  
  68  7:27  Mutalisk  
  68  7:28  Mutalisk x8  
  86  7:32  Overlord  
  86  7:35  Extractor  
  86  7:36  Extractor  
  84  7:49  Drone x2, Overlord  
  84  7:50  Overlord, Glial Reconstitution  
  86  7:56  Hydralisk Den  
  86  7:57  Drone x6  
  91  8:16  Hatchery  
  90  8:23  Mutalisk x8  
  103  8:36  Drone  
  103  8:37  Drone x10  
  103  8:39  Drone  
  114  8:46  Lurker Den  
  114  8:53  Overlord  
  114  8:54  Overlord x2  
  114  8:59  Hatchery  
  114  9:01  Evolution Chamber  
  112  9:03  Evolution Chamber  
  109  9:14  Overlord x2  
  109  9:17  Drone x9  
  109  9:22  Queen  
  120  9:27  Spore Crawler  
  119  9:40  Overseer  
  117  9:54  Hydralisk  
  117  9:55  Hydralisk x13  
  143  10:04  Extractor  
  143  10:06  Extractor  
  139  10:20  Zergling x2  
  139  10:21  Zergling x28  
  148  10:31  Lurker x4  
  148  10:33  Overlord  
  148  10:34  Overlord  
  152  10:38  Spore Crawler, Spine Crawler  
  152  10:39  Spine Crawler  
  152  10:40  Spine Crawler  
Tags
 
Add a new tag
Caveats
  • Supply blocks, unpowered buildings, or Contaminate may cause inaccurate times.
  • Supply counts are checked every 10 seconds.